 Dungeon Crawl Stone Soup version 0.27.0-1-g7a089689b8 (webtiles) character file.

Game seed: 2321919546767478422

6 MajorAdolf the Chiller (level 1, -2/18 HPs)
             Began as a Naga Wanderer on Aug 9, 2021.
             Slain by a goblin (3 damage)
             ... on level 1 of the Dungeon.
             The game lasted 00:00:58 (58 turns).

MajorAdolf the Chiller (Naga Wanderer)                Turns: 58, Time: 00:00:59

Health: -2/18      AC:  1    Str: 13    XL:     1   Next: 90%
Magic:  0/3        EV:  9    Int: 13    God:
Gold:   0          SH:  0    Dex: 10    Spells: 3/4 levels left

rFire    . . .     SeeInvis +   (no weapon)
rCold    . . .     Faith    .   (no shield)
rNeg     . . .     Spirit   .   c - +0 robe
rPois    +         Reflect  .   (no helmet)
rElec    .         Harm     .   (no cloak)
rCorr    .         Rampage  .   (no gloves)
Will     .....                  (no barding)
Stlth    ++........             (no amulet)
HPRegen  0.06/turn              (no ring)
MPRegen  0.08/turn              (no ring)

@: short of breath, very slow
A: AC +0, large, see invisible, deformed body, poison resistance, slowness 2,
spit poison 1, naga tail 1
a: Spit Poison


You were on level 1 of the Dungeon.
You visited 1 branch of the dungeon, and saw 1 of its levels.

Inventory:

Missiles
 b - 21 bolts
Armour
 c - a +0 robe (worn)


   Skills:
 - Level 1.0 Fighting
 - Level 1.0 Crossbows
 - Level 1.0 Armour
 - Level 3.0 Stealth
 + Level 2.2 Spellcasting
 + Level 3.2 Ice Magic


You had 3 spell levels left.
You knew the following spells:

 Your Spells              Type           Power      Damage    Failure   Level
a - Freeze                Ice            36%        1d6       7%          1

Your spell library contained the following spells:

 Spells                   Type           Power      Damage    Failure   Level
 Frozen Ramparts          Ice            18%        1d3       21%         3
 Ozocubu's Armour         Ice            9%         N/A       21%         3
 Apportation              Tloc           2%         N/A       26%         1
 Teleport Other           Tloc           1%         N/A       58%         3
 Hailstorm                Conj/Ice       5%         3d4       77%         4


Dungeon Overview and Level Annotations

Branches:
Dungeon (1/15)

Altars:


Innate Abilities, Weirdness & Mutations

Your serpentine skin is tough. (AC +0)
You have supernaturally acute eyesight. (SInv)
Armour fits poorly on your strangely shaped body.
Your system is resistant to poisons. (rPois)
You cover ground very slowly.
You can spit poison.
You have a snake-like lower body.


Message History

Aim: a ball python (moderately wounded)
You freeze the ball python.
You kill the ball python!
Press: ? - help, Shift-Dir - straight line, f - jackal
Aim: a jackal The splash of poison hits the jackal.
The jackal is heavily wounded.
The jackal bites you but does no damage.
Unknown command.
You closely miss the jackal.
The jackal is heavily wounded.
You closely miss the jackal. The jackal bites you.
Casting: Freeze (safe; 7% risk of failure)
Confirm with . or Enter, or press ? or * to list all spells.
Aiming: Freeze (safe; 7% risk of failure)
Press: ? - help, Shift-Dir - straight line, f - jackal, p - jackal
Aim: a jackal You freeze the jackal.
You kill the jackal!
You have got your breath back.
The jackal bites you.
Press: ? - help, Shift-Dir - straight line, f - jackal
Aim: a jackal (moderately wounded)
The splash of poison hits the jackal!
The jackal is poisoned.
You kill the jackal!
The jackal bites you.
Unknown command.
You hit the jackal but do no damage. The jackal barely misses you.
The goblin misses you.
You hit the jackal.
The jackal is lightly wounded.
The jackal bites you. The goblin hits you with a +0 club.
* * * LOW HITPOINT WARNING * * *
Unknown command.
You barely miss the jackal.
The jackal is lightly wounded.
The jackal bites you.
* * * LOW HITPOINT WARNING * * *
The goblin hits you with a +0 club.
You die...

##### ##### ###...# .....
######...#.# ##### ......
........##.# #...##......
#........##.###...........
#..>..........+...........
#........##g###...........
#........##.@h............
#........#♣♣♣♣♣♣♣♣♣.......
#........#♣.......♣.......
#........#♣.PPPPP.♣.......
######'##♣.P≈≈≈P.♣.######
#...♣.P≈8≈P.♣.#
#.#...P≈≈≈P.♣
#.##♣)PPPPP.♣ #.#
♣<......♣


You could see a jackal and a goblin.

Vanquished Creatures
  A giant cockroach (D:1)
  A hobgoblin (D:1)
  2 jackals (D:1)
  A ball python (D:1)
5 creatures vanquished.

Notes
Turn   | Place    | Note
-------+----------+-------------------------------------------
     0 | D:1      | MajorAdolf the Naga Wanderer began the quest for the Orb.
     0 | D:1      | MajorAdolf set off with the following items: a +0 hand
                  | crossbow, 21 bolts, a +0 robe, a +0 dagger; and the
                  | following spells available to memorise: Freeze, Frozen
                  | Ramparts, Ozocubu's Armour, Apportation, Teleport Other,
                  | Hailstorm
     0 | D:1      | Reached XP level 1. HP: 18/18 MP: 3/3
     2 | D:1      | Learned a level 1 spell: Freeze
    58 | D:1      | Slain by a goblin

Illustrated notes

Levels and vault maps discovered:
D:1:      tarquinn_simple_flora_water_a, layout_basic, basic_ecumenical_altar,
          minmay_tromino_v4_b

Action                   || total
-------------------------++-------
Melee: Unarmed           ||     8
 Cast: Freeze            ||     4
 Abil: Spit Poison       ||     3
Armor: Robe              ||     3
Dodge: Dodged            ||     7
